 Dungeon Crawl Stone Soup version 0.32-a0-361-g289a535e89 (webtiles) character file.

Game seed: 7146198904075416571

207 adelrune the Shooter (level 5, 38/38 HPs)
             Began as a Coglin Hexslinger on Feb 18, 2024.
             Was a Follower of the Shining One.
             Got out of the dungeon alive.
             The game lasted 00:06:40 (2811 turns).

adelrune the Shooter (Coglin Hexslinger)            Turns: 2811, Time: 00:06:40

Health: 38/38      AC:  7    Str:  8    XL:     5   Next: 85%
Magic:  8/8        EV: 15    Int: 17    God:    the Shining One [*.....]
Gold:   231        SH:  0    Dex: 18    Spells: 6/8 levels left

rFire   . . .        a - +1 sling {Ishpreet}
rCold   . . .        g - +0 sling {Balvinder}
rNeg    . . .        v - +1 ring mail of the Harvest {Will++ Int+4}
rPois   .            x - +0 helmet
rElec   .            (no cloak)
rCorr   .            (no gloves)
SInv    .            (no boots)
Will    ++...        n - amulet of regeneration
Stlth   +            l - +5 ring of evasion
HPRegen 1.06/turn    (no ring)
MPRegen 0.11/turn

%: no passive effects
@: glowing
A: off-hand wielding, slow wielding, warmup strikes, warmup strides
a: Renounce Religion, Divine Shield


You escaped.
You worshipped the Shining One.
The Shining One was aware of your devotion.
You visited 1 branch of the dungeon, and saw 4 of its levels.

You collected 231 gold pieces.

Inventory:

Hand Weapons
 a - a +1 sling (weapon) {Ishpreet}
 g - a +0 sling (worn) {Balvinder}
Missiles
 e - a throwing net
Armour
 c - a +0 robe
 v - the +1 ring mail of the Harvest (worn) {Will++ Int+4}
   (You found it on level 4 of the Dungeon)

   Int+4:     It affects your intelligence (+4).
   Will++:    It greatly increases your willpower.
 x - a +0 helmet (worn)
Jewellery
 l - a +5 ring of evasion (left grasper)
 n - an amulet of regeneration (around neck)
Scrolls
 b - 2 scrolls of poison
 d - 4 scrolls of torment {unknown}
 h - 2 scrolls of fog {unknown}
 i - 2 scrolls of enchant armour {unknown}
 j - 2 scrolls of blinking {unknown}
 k - a scroll of immolation {unknown}
 m - a scroll of enchant weapon {unknown}
 o - a scroll of amnesia {unknown}
 p - a scroll of noise {unknown}
 y - a scroll of revelation {unknown}
 z - a scroll of teleportation {unknown}
Potions
 f - 3 potions of enlightenment {unknown}
 q - a potion of lignification {unknown}
 r - 2 potions of curing {unknown}
 s - a potion of heal wounds {unknown}
 t - a potion of mutation {unknown}
 u - 2 potions of might {unknown}
 w - a potion of invisibility {unknown}


   Skills:
 + Level 2.3 Fighting
 * Level 3.3 Ranged Weapons
 + Level 2.7 Dodging
 + Level 2.0 Spellcasting
 + Level 3.3 Hexes
 - Level 0.8 Fire Magic


You had 6 spell levels left.
You knew the following spells:

 Your Spells              Type           Power      Damage    Failure   Level
a - Jinxbite              Hex            24%        N/A       24%         2

Your spell library contained the following spells:

 Spells                   Type           Power      Damage    Failure   Level
 Sigil of Binding         Hex            12%        N/A       43%         3
 Inner Flame              Hex/Fire       8%         N/A       61%         3
 Blink                    Tloc           2%         N/A       65%         2
 Lesser Beckoning         Tloc           2%         N/A       65%         2
 Momentum Strike          Conj/Tloc      2%         3d8       65%         2
 Cause Fear               Hex            6%         N/A       83%         4
 Call Canine Familiar     Summ           1%         N/A       87%         3
 Dimensional Bullseye     Hex/Tloc       3%         N/A       97%         4


Dungeon Overview and Level Annotations

Branches:
Dungeon (4/15)
 Temple: D:4-7

Altars:
Trog
Vehumet
The Shining One

Shops:
D:1 [


Innate Abilities, Weirdness & Mutations

You can wield a second weapon in your off-hand.
It takes a long time for you to wield or remove held weapons.
Your first few attacks do less damage.
Your first movements take longer.


Message History

There is an open door here.
Found a robe.
f - 3 viscous sapphire potions (gained 1)
A goblin comes into view. It is wielding a +0 club.
The goblin shouts!
You shoot a sling bullet.
The sling bullet closely misses the goblin.
You shoot a sling bullet. The sling bullet hits the goblin.
The goblin is moderately wounded.
You shoot a sling bullet. The sling bullet hits the goblin.
You kill the goblin!
You shoot a sling bullet.
You see here a +0 robe.
Things that are here:
a +0 club; a goblin corpse
y - a scroll labelled YSYSKE ESTROTHI
b - 2 scrolls of poison (gained 1)
z - a scroll labelled NESCHI CEABLIUMP You now have 231 gold pieces (gained 12).
You open the door.
There is an open door here.
Found a hand axe.
There is an open door here.
You see here a +0 robe.
There is an open door here.
There is an escape hatch in the ceiling here.
A mysterious force pulls you upwards. The hatch slams shut behind you.
What level of the Dungeon? (default 4, ? - help)
There is a stone staircase leading up here.
You climb upwards.
There is a stone staircase leading down here.
There is a stone staircase leading up here.
You climb upwards.
There is a stone staircase leading down here.
You see here a ball python skeleton.
There is an open gate here.
There is an open door here.
There is an open door here.
There is a staircase leading out of the dungeon here.
You have escaped!

...###.....#§≈§§.≈§§.#+.......#.#
#.## ##..###..§≈≈§≈..####....÷#.#
##.###..## ##...≈...# #.#.#.#.#
##.#.### # ######### ####......#
##.## .## ##≈.≈# ##..####.### #.#
...#####'#####....# #.#
#.##....###.....###....###.#
#..#....#.#.....#ß#....'...#
#..##.§.#.+..@..'.'....'...#
#..#....#.#.....#ß##...'.#.#
####....###.....###....#...#
....#####+#####....##### #..##
##≈.≈## ###.## ### ######### ####
##...≈...## #..≈°°°°..#
#.≈≈°°○°≈.# ########


There were no monsters in sight!

Vanquished Creatures
  A black bear (D:4)
  An adder (D:4)
  2 ribbon worms
  A dart slug (D:3)
  2 orcs (D:3)
  7 endoplasms
  2 giant cockroaches (D:4)
  8 goblins
  6 hobgoblins
  2 quokkas
  2 ball pythons
  8 bats
  3 frilled lizards (D:1)
  5 kobolds
  7 rats
57 creatures vanquished.

Notes
Turn   | Place    | Note
-------+----------+-------------------------------------------
     0 | D:1      | adelrune the Coglin Hexslinger began the quest for the Orb.
     0 | D:1      | Reached XP level 1. HP: 15/15 MP: 2/2
    83 | D:1      | Reached XP level 2. HP: 21/21 MP: 3/3
   167 | D:1      | Learned a level 2 spell: Jinxbite
   194 | D:1      | Found Qoivokhycio's Armour Boutique.
   311 | D:1      | Reached XP level 3. HP: 26/26 MP: 4/4
  1086 | D:2      | Reached XP level 4. HP: 32/32 MP: 6/6
  1392 | D:3      | Found a radiant altar of Vehumet.
  1964 | D:3      | Found a faded altar of an unknown god.
  1967 | D:3      | Prayed at the altar of an unknown god.
  1967 | D:3      | Became a worshipper of the Shining One
  1967 | D:3      | Reached * piety under the Shining One
  2025 | D:4      | Noticed a black bear
  2031 | D:4      | Killed a black bear
  2032 | D:4      | Reached XP level 5. HP: 38/38 MP: 4/7
  2091 | D:4      | Found a bloodstained altar of Trog.
  2099 | D:4      | Identified the +1 ring mail of the Harvest {Will++ Int+4}
  2811 | D:$      | Got out of the dungeon alive.

Illustrated notes

Levels and vault maps discovered:
D:1:      shiori_arrival_elements, layout_loops_corners, serial_shops,
          nicolae_shop_statue_plus
D:2:      layout_rooms
D:3:      layout_basic, vehumet_crystals,
          hellmonk_ecumenical_altar_inner_sanctum, kennysheep_another_room,
          small_statue_intersection
D:4:      layout_basic, trog_three_pillars_becter, serial_glass,
          glass_columns_c, glass_columns_a, glass_columns_c,
          kennysheep_generic_room_5

Skill      XL: |  1  2  3  4  5 |
---------------+----------------+-----
Ranged Weapons | 2 3 |  3.3
Dodging        | 2 |  2.7
Hexes          | 3 |  3.3
Fighting       | 2 |  2.3
Spellcasting   | 2 |  2.0
Fire Magic     | |  0.8

Action                     |  1- 3 |  4- 6 || total
---------------------------+-------+-------++-------
   Fire: Sling             |   118 |   104 ||   222
   Cast: Jinxbite          |       |     5 ||     5
 Armour: Robe              |    13 |     1 ||    14
         Ring mail         |       |     4 ||     4
  Dodge: Dodged            |    22 |    10 ||    32

Table legend: (Time is in decaauts)
 A = Elapsed time spent in this place.
 B = Non-inter-level travel time spent in this place.
 C = Inter-level travel time spent in this place.
 D = Time resting spent in this place.
 E = Time spent auto-exploring this place.
 F = Levels seen in this place.
 G = Mean time per level.
                   A        B        C        D        E       F      G
               +--------+--------+--------+--------+--------+-----+--------+
         Total |   2987 |   2837 |    150 |     53 |   2378 |   4 |  746.8 |
       Dungeon |   2987 |   2837 |    150 |     53 |   2378 |   4 |  746.8 |
               +--------+--------+--------+--------+--------+-----+--------+

Top non-repeatable levels by time:
     D:1: 1087 daAuts
     D:4: 772 daAuts
     D:3: 676 daAuts
     D:2: 450 daAuts
